 Dungeon Crawl Stone Soup version 0.32-a0-968-g61e5eb5241 (webtiles) character file.

Game seed: 16339398736985684330

1217 Bapho the Carver (level 8, -7/84 (94) HPs)
             Began as a Yellow Draconian Berserker on Apr 18, 2024.
             Was a Priest of Trog.
             Mangled by a wight
             ... wielding a +3 flail
              (11 damage)
             ... on level 6 of the Dungeon.
             The game lasted 00:08:31 (4108 turns).

Bapho the Carver (Yellow Draconian Berserker)       Turns: 4108, Time: 00:08:31

HP:   -7/84 (94)    AC:  7    Str: 21    XL:     8   Next: 22%
MP:   8/8           EV: 11    Int:  7    God:    Trog [***...]
Gold: 259           SH:  0    Dex: 12    Spells: 7/7 levels left

rFire   . . .        a - +0 long sword
rCold   . . .        (no shield)
rNeg    . . .        (body armour unavailable)
rPois   .            (helmet restricted)
rElec   .            (no cloak)
rCorr   +            (no gloves)
SInv    .            l - +0 pair of boots
Will    ++...        k - amulet of the acrobat Stlth
                     (no ring)
HPRegen 1.34/turn    (no ring)
MPRegen 0.11/turn

%: acrobat
@: berserking, strong-willed, regenerating, heavily drained, very quick
A: caustic breath, AC +6, unfitting armour, cold-blooded, acid resistance
a: Caustic Breath, Renounce Religion, Berserk, Trog's Hand


You were on level 6 of the Dungeon.
You worshipped Trog.
Trog was most pleased with you.
You visited 1 branch of the dungeon, and saw 6 of its levels.

You collected 259 gold pieces.

Inventory:

Hand Weapons
 a - a +0 long sword (weapon)
 b - a +0 shortbow
 v - a +0 falchion
Armour
 l - a +0 pair of boots (worn)
Jewellery
 k - an amulet of the acrobat (around neck)
 q - a ring of resist corrosion
Wands
 r - a wand of charming (11)
Scrolls
 c - 3 scrolls of fear {unknown}
 d - a scroll of teleportation {unknown}
 h - a scroll of summoning {unknown}
 i - a scroll of enchant weapon {unknown}
 m - 4 scrolls of immolation
 o - a scroll of enchant armour {unknown}
 t - a scroll of revelation {unknown}
 u - a scroll of acquirement {unknown}
 w - a scroll of blinking {unknown}
 x - a scroll of silence {unknown}
 y - a scroll of identify
Potions
 e - 5 potions of curing
 f - a potion of invisibility
 g - 2 potions of degeneration
 j - a potion of berserk rage
 n - a potion of mutation
 p - a potion of brilliance
 s - 2 potions of cancellation
 z - a potion of haste {unknown}
 A - a potion of attraction {unknown}


   Skills:
 - Level 3.2 Fighting
 + Level 10.4 Long Blades
 - Level 2.6 Dodging


You had 7 spell levels left.
You didn't know any spells.
Your spell library was empty.

Dungeon Overview and Level Annotations

Branches:
Dungeon (6/15)             Temple (0/1) D:4

Altars:
Cheibriados


Innate Abilities, Weirdness & Mutations

You can breathe corrosive fumes.
Your golden yellow scales are hard. (AC +6)
You cannot fit into any form of body armour.
You are cold-blooded and may be slowed by cold attacks.
You are resistant to acid. (rCorr)


Message History

A wight comes into view. It is wielding a +3 flail.
You shoot an arrow. The arrow barely misses the wight.
The arrow hits the wight but does no damage.
The wight hits you from afar with a +3 spear.
The wight hits you from afar with a +3 spear!
You feel drained.
A wight comes into view. It is wielding a +0 flail.
a - a +0 long sword (weapon)
You closely miss the wight.
The wight hits you from afar with a +3 spear!
You feel drained. The wight hits you with a +3 flail.
You are too injured to fight recklessly!
You are too injured to fight recklessly!
Your skin crawls.
You feel strong-willed. The wight completely misses you.
The wight hits you with a +3 flail!
A red film seems to cover your vision as you go berserk!
You feel yourself moving faster!
You feel mighty!
The wight hits you from afar with a +3 spear!
You feel drained. The wight hits you but does no damage.
You closely miss the wight.
The wight hits you from afar with a +3 spear!
* * * LOW HITPOINT WARNING * * *
You feel drained.
* * * LOW HITPOINT WARNING * * *
The wight hits you with a +3 flail.
* * * LOW HITPOINT WARNING * * *
You feel drained.
* * * LOW HITPOINT WARNING * * *
You hit the wight.
The wight is heavily damaged.
You hit the wight.
The wight is heavily damaged.
The wight closely misses you. The wight hits you with a +3 flail!
* * * LOW HITPOINT WARNING * * *
A wight comes into view.
It is wielding a +4 trident of freezing.
You closely miss the wight.
Your tail-slap misses the wight.
The wight is heavily damaged.
The wight closely misses you. The wight hits you with a +3 flail!
You die...

#.# #.#...#
#######.# #.#...#
........# #.#...#
........####.#...#
.................#
.......#####.....#
##+##+## #..##.#
.....##.#
####.##@# #.##z#
#.##zz #>.....
..... ######. .# #


You could see 3 wights.

Vanquished Creatures
  Maggie (D:6)
  Sigmund (D:2)
  A black bear (D:4)
  An ogre (D:5)
  A centaur (D:5)
  A scorpion (D:5)
  A bombardier beetle (D:4)
  3 hounds
  2 jellies (D:5)
  An orc priest (D:3)
  Terence (D:3)
  An orc wizard (D:5)
  6 adders
  A shadow imp (D:5)
  A dart slug (D:2)
  13 orcs
  8 endoplasms
  2 giant cockroaches (D:4)
  8 goblins
  9 hobgoblins
  4 quokkas
  6 ball pythons
  6 bats
  12 frilled lizards
  9 kobolds
  7 rats
107 creatures vanquished.

Notes
Turn   | Place    | Note
-------+----------+-------------------------------------------
     0 | D:1      | Bapho the Draconian Berserker began the quest for the Orb.
     0 | D:1      | Reached XP level 1. HP: 19/19 MP: 1/1
   165 | D:1      | Reached XP level 2. HP: 22/26 MP: 2/2
   336 | D:1      | Reached skill level 4 in Long Blades
   451 | D:2      | Found a snail-covered altar of Cheibriados.
   470 | D:2      | Reached XP level 3. HP: 31/31 MP: 3/3
   660 | D:2      | Reached ** piety under Trog
   871 | D:2      | Noticed Sigmund
   884 | D:2      | Killed Sigmund
   885 | D:2      | Reached skill level 6 in Long Blades
   885 | D:2      | Reached XP level 4. HP: 38/38 MP: 4/4
   885 | D:2      | Reached XP level 5. HP: 45/45 MP: 5/5
   912 | D:2      | Found a faded altar of an unknown god.
  1435 | D:3      | Noticed Terence
  1442 | D:3      | Killed Terence
  1443 | D:3      | Reached XP level 6. HP: 51/51 MP: 6/6
  1613 | D:3      | Reached skill level 7 in Long Blades
  1760 | D:3      | Identified the +6 whip of a sewer {flame, rF+}
  2415 | D:4      | Found a staircase to the Ecumenical Temple.
  2489 | D:4      | Reached *** piety under Trog
  2531 | D:4      | Reached skill level 8 in Long Blades
  2711 | D:4      | Your scales start taking on a golden yellow colour.
  2711 | D:4      | Reached XP level 7. HP: 57/57 MP: 7/7
  2711 | D:4      | Gained mutation: You are resistant to acid. (rCorr) [Yellow
                  | Draconian growth]
  3009 | D:5      | Entered Level 5 of the Dungeon
  3352 | D:5      | Reached skill level 9 in Long Blades
  3963 | D:6      | Noticed Maggie
  3987 | D:6      | Killed Maggie
  3988 | D:6      | Reached skill level 10 in Long Blades
  3988 | D:6      | Reached XP level 8. HP: 49/63 MP: 8/8
  4107 | D:6      | HP: 3/84 [wight/+3 flail (11)]
  4108 | D:6      | Mangled by a wight

Illustrated notes

Levels and vault maps discovered:
D:1:      scummos_arrival_star, layout_basic
D:2:      layout_basic, basic_altar, hellmonk_ecumenical_altar_blasted,
          uniq_sigmund
D:3:      layout_loops_ring, uniq_terence
D:4:      layout_loops_ring, temple_doors_ab, dreamdust_princess_bridge
D:5:      layout_gridville, grunt_decor_clamped, minmay_misc_feat_secret_circle,
          kennysheep_generic_room_4
D:6:      layout_basic, uniq_maggie

Skill      XL: |  1  2  3  4  5  6  7 |
---------------+----------------------+-----
Long Blades    | 4 6 8 10 | 10.4
Fighting       | |  3.2
Dodging        | |  2.6

Action                     |  1- 3 |  4- 6 |  7- 9 || total
---------------------------+-------+-------+-------++-------
  Melee: Falchion          |    98 |   163 |       ||   261
         Tailslap          |    11 |    20 |     5 ||    36
         Long sword        |       |     8 |    82 ||    90
   Fire: Shortbow          |       |       |     9 ||     9
  Throw: Stone             |     4 |    13 |       ||    17
 Invoke: Berserk           |     3 |     4 |     4 ||    11
         Trog's Hand       |       |       |     1 ||     1
    Use: Scroll            |       |     7 |       ||     7
 Armour: Skin              |    42 |    60 |    74 ||   176
  Dodge: Dodged            |    57 |   107 |    48 ||   212

Table legend: (Time is in decaauts)
 A = Elapsed time spent in this place.
 B = Non-inter-level travel time spent in this place.
 C = Inter-level travel time spent in this place.
 D = Time resting spent in this place.
 E = Time spent auto-exploring this place.
 F = Levels seen in this place.
 G = Mean time per level.
                   A        B        C        D        E       F      G
               +--------+--------+--------+--------+--------+-----+--------+
         Total |   4206 |   4011 |    195 |    341 |   2824 |   6 |  701.0 |
       Dungeon |   4206 |   4011 |    195 |    341 |   2824 |   6 |  701.0 |
               +--------+--------+--------+--------+--------+-----+--------+

Top non-repeatable levels by time:
     D:4: 978 daAuts
     D:3: 961 daAuts
     D:5: 954 daAuts
     D:2: 673 daAuts
     D:1: 470 daAuts
     D:6: 167 daAuts
